[Event "January 9 Early 2024"]
[Site "https://www.chess.com"]
[Date "2024.01.11"]
[Round "4"]
[White "Mrithyunjay Mahadevan"]
[Black "Coca Cubillos, Jesus Alberto"]
[Result "1-0"]
[Board "186"]
[TimeControl "180+1"]
[WhiteFideId "45003521"]
[BlackFideId "4462912"]
[WhiteElo "2459"]
[BlackElo "2569"]
[WhiteTeam "IND"]
[BlackTeam "COL"]
[WhiteClock "0:01:24"]
[BlackClock "0:00:12"]

1. c4 g6 2. d4 Bg7 3. Nc3 d6 4. g3 Nh6 5. Bg2 O-O 6. e3 Kh8 7. Nge2 Nc6 8. O-O Bd7 9. Rb1 Rb8 10. b4 e5 11. b5 Ne7 12. c5 f5 13. Ba3 Nc8 14. c6 bxc6 15. bxc6 Rxb1 16. Qxb1 Be6 17. d5 Bg8 18. Qb7 g5 19. Nb5 f4 20. exf4 gxf4 21. f3 fxg3 22. hxg3 Ne7 23. Qxc7 Nxd5 24. Qxd8 Rxd8 25. Nxa7 Ra8 26. Nb5 Ne3 27. Rc1 Be6 28. Bxd6 Rxa2 29. Nbc3 Ra6 30. Ne4 Nhf5 31. c7 Nxd6 32. Nxd6 Rxd6 33. c8=Q+ Bxc8 34. Rxc8+ Bf8 35. Rxf8+ Kg7 36. Re8 Rd2 37. Kf2 Nxg2 38. Rxe5 Kf6 39. Re4 h5 40. Kxg2 Kf5 41. Kf2 Ra2 42. Rh4 Kg5 43. f4+ Kg6 44. g4 hxg4 45. Rxg4+ Kf5 46. Rg5+ Kf6 47. Re5 Ra3 48. Re3 Ra1 49. Ng3 Ra2+ 50. Kf3 Ra1 51. Re5 Ra3+ 52. Kg4 Ra1 53. Ne4+ Kg6 54. f5+ Kf7 55. Ng5+ Kf6 56. Re6+ Kg7 57. f6+ Kg6 58. f7+ Kg7 59. Rg6+ Kxg6 60. f8=Q Rg1+ 61. Kh4 Rh1+ 62. Nh3 1-0

[Event "January 9 Early 2024"]
[Site "https://www.chess.com"]
[Date "2024.01.11"]
[Round "4"]
[White "Chylewski, Patryk"]
[Black "Mabusela, Johannes Manyedi"]
[Result "0-1"]
[Board "187"]
[TimeControl "180+1"]
[WhiteFideId "1186191"]
[BlackFideId "14300702"]
[WhiteElo "2516"]
[BlackElo "2399"]
[WhiteTeam "POL"]
[BlackTeam "RSA"]
[WhiteClock "0:00:02"]
[BlackClock "0:00:07"]

1. Nf3 c5 2. g3 Nc6 3. d4 cxd4 4. Nxd4 g6 5. c4 Bg7 6. Nxc6 bxc6 7. h4 Nf6 8. Nc3 Rb8 9. Bg2 Qa5 10. O-O Ba6 11. Qd4 c5 12. Qf4 O-O 13. Rd1 d6 14. Rb1 Qb4 15. Bd5 e6 16. Bf3 e5 17. Qd2 Bxc4 18. Qxd6 e4 19. Bg2 Qa5 20. Be3 Rbc8 21. Nxe4 Nxe4 22. Bxe4 Bxe2 23. Rdc1 Qxa2 24. Rxc5 Rxc5 25. Bxc5 Re8 26. Bc2 Qc4 27. Bd1 Bd3 28. Ra1 h5 29. Bxa7 Re1+ 30. Kg2 Be4+ 31. f3 Re2+ 32. Bxe2 Qxe2+ 33. Kg1 Qxf3 0-1

[Event "January 9 Early 2024"]
[Site "https://www.chess.com"]
[Date "2024.01.11"]
[Round "4"]
[White "Radzhabov, Rodion"]
[Black "Boruchovsky, Avital"]
[Result "1-0"]
[Board "188"]
[TimeControl "180+1"]
[WhiteFideId "884715"]
[BlackFideId "2800055"]
[WhiteElo "2591"]
[BlackElo "2768"]
[WhiteTeam "RUS"]
[BlackTeam "ISR"]
[WhiteClock "0:00:04"]
[BlackClock "0:00:05"]

1. e4 e6 2. Nc3 d5 3. Qe2 d4 4. Nd1 c5 5. g3 Nc6 6. d3 h5 7. f4 h4 8. Qg2 e5 9. Nf3 h3 10. Qe2 Bg4 11. Nf2 Nf6 12. Nxg4 Nxg4 13. Ng5 Ne3 14. Bxe3 dxe3 15. c3 exf4 16. gxf4 Be7 17. Qxe3 Bxg5 18. fxg5 Qa5 19. Bxh3 Ne5 20. O-O Rd8 21. Qf4 Qc7 22. d4 Rxh3 23. dxe5 Qe7 24. g6 fxg6 25. Qg4 Rh6 26. Rad1 Qxe5 27. Rf8+ Ke7 28. Rdxd8 Qxh2+ 29. Kf1 Qh1+ 30. Qg1 Qh3+ 31. Qg2 Qe3 32. Rfe8+ Kf6 33. Qf2+ 1-0

[Event "January 9 Early 2024"]
[Site "https://www.chess.com"]
[Date "2024.01.11"]
[Round "4"]
[White "Cristobal, Manuel"]
[Black "Hrebenshchykova, Yelyzaveta"]
[Result "1-0"]
[Board "189"]
[TimeControl "180+1"]
[WhiteFideId "112879"]
[BlackFideId "14159899"]
[WhiteElo "2703"]
[BlackElo "2489"]
[WhiteTeam "ARG"]
[BlackTeam "UKR"]
[WhiteClock "0:00:05"]
[BlackClock "0:00:03"]

1. d4 Nf6 2. Nf3 g6 3. c4 Bg7 4. Nc3 d5 5. cxd5 Nxd5 6. e4 Nxc3 7. bxc3 c5 8. Rb1 Qa5 9. Bb5+ Nc6 10. O-O O-O 11. e5 Rd8 12. Bg5 Qc7 13. Qa4 Be6 14. Bxc6 bxc6 15. dxc5 Bd5 16. Bf4 Bxf3 17. gxf3 Bxe5 18. Bg3 Bxg3 19. hxg3 Rd5 20. Qb4 Rad8 21. Kg2 Qe5 22. Rfe1 Qf6 23. Re3 h5 24. Rbe1 e6 25. Qb7 h4 26. Qxc6 Rh5 27. Rxe6 fxe6 28. Rxe6 Qf7 29. Rxg6+ Kh8 30. g4 h3+ 31. Kg3 Rh7 32. Qe4 Rg8 33. Qe5+ Rgg7 34. Re6 h2 35. Re8+ Qg8 36. Rxg8+ Kxg8 37. Qe8# 1-0

[Event "January 9 Early 2024"]
[Site "https://www.chess.com"]
[Date "2024.01.11"]
[Round "4"]
[White "De Winter, Arthur"]
[Black "Drozdowski, Kacper"]
[Result "0-1"]
[Board "190"]
[TimeControl "180+1"]
[WhiteFideId "1069020"]
[BlackFideId "1136720"]
[WhiteElo "2804"]
[BlackElo "2981"]
[WhiteTeam "NED"]
[BlackTeam "POL"]
[WhiteClock "0:00:03"]
[BlackClock "0:00:14"]

1. e4 c5 2. Nf3 e6 3. b3 b6 4. Bb2 Bb7 5. Nc3 d6 6. d4 cxd4 7. Nxd4 a6 8. Qe2 Qc7 9. O-O-O Nf6 10. g4 Be7 11. g5 Nfd7 12. h4 Nc6 13. Nxc6 Bxc6 14. Rg1 b5 15. Qe3 Qb6 16. Qf4 a5 17. Rxd6 Bxd6 18. Qxd6 b4 19. Nb5 Bxb5 20. Qxb6 Nxb6 21. Bxb5+ Ke7 22. Bxg7 Rhc8 23. Bf6+ Kf8 24. Kd2 Rc5 25. Bd3 e5 26. f4 Nd7 27. f5 Rc6 28. Bc4 Nxf6 29. gxf6 Rxf6 30. Bd5 Rc8 31. a3 bxa3 32. Ra1 Rh6 33. Rxa3 Rc5 34. c4 Rxh4 35. Ra1 Rh3 36. Kc2 h5 37. Rg1 h4 38. f6 Rf3 39. Rg4 Rf4 40. Rxf4 exf4 41. e5 Rxd5 42. cxd5 0-1

[Event "January 9 Early 2024"]
[Site "https://www.chess.com"]
[Date "2024.01.11"]
[Round "4"]
[White "Papasimakopoulos, Alexandros"]
[Black "Keymer, Vincent"]
[Result "0-1"]
[Board "191"]
[TimeControl "180+1"]
[WhiteFideId "4244125"]
[BlackFideId "12940690"]
[WhiteElo "2648"]
[BlackElo "3022"]
[WhiteTeam "GRE"]
[BlackTeam "GER"]
[WhiteClock "0:00:27"]
[BlackClock "0:00:22"]

1. d4 Nf6 2. c4 e6 3. Nc3 Bb4 4. Qc2 c5 5. dxc5 O-O 6. Nf3 Na6 7. g3 Nxc5 8. Bg2 Nce4 9. Bd2 Nxd2 10. Nxd2 a6 11. O-O Qc7 12. a3 Be7 13. Rfd1 Rb8 14. Rac1 b6 15. Nce4 d6 16. Nxf6+ Bxf6 17. Ne4 Be7 18. Qd3 Rd8 19. Nc3 Bd7 20. a4 h6 21. b3 Be8 22. Rc2 Qc5 23. Ne4 Qb4 24. Qc3 Qxc3 25. Rxc3 f5 26. Nd2 b5 27. cxb5 axb5 28. axb5 d5 29. e3 Bxb5 30. Bf1 Bb4 31. Rc7 Bd6 32. Ra7 Be8 33. Rc1 Rdc8 34. Rxc8 Rxc8 35. Ra6 Rd8 36. Nf3 e5 37. Nh4 g6 38. b4 Kg7 39. b5 Bc5 40. Nf3 e4 41. Nd4 Bxd4 42. exd4 Rc8 43. Ra1 Rb8 44. Ra5 g5 45. Be2 f4 46. Ra7+ Kf6 47. Ra6+ Ke7 48. gxf4 gxf4 49. Rxh6 f3 50. Bf1 Bxb5 51. Bxb5 Rxb5 52. h4 Rb1+ 53. Kh2 e3 54. fxe3 f2 0-1

[Event "January 9 Early 2024"]
[Site "https://www.chess.com"]
[Date "2024.01.11"]
[Round "4"]
[White "Mhango, Banele"]
[Black "Fernandez Guillen, Ernesto J."]
[Result "0-1"]
[Board "192"]
[TimeControl "180+1"]
[WhiteFideId "14327040"]
[BlackFideId "3512428"]
[WhiteElo "2568"]
[BlackElo "2793"]
[WhiteTeam "RSA"]
[BlackTeam "CUB"]
[WhiteClock "0:00:04"]
[BlackClock "0:00:07"]

1. d4 Nf6 2. Nc3 d5 3. Bf4 g6 4. e3 Bg7 5. h4 h5 6. Nf3 c6 7. Ne5 Nbd7 8. Bd3 Nxe5 9. Bxe5 Be6 10. Qd2 b5 11. Ne2 Qb6 12. Nf4 Bf5 13. Bxf5 gxf5 14. Qe2 Rg8 15. Bxf6 Bxf6 16. Qxh5 Qa5+ 17. Ke2 Qb4 18. b3 Qc3 19. Qxf5 a5 20. Qd3 Qb4 21. c3 Qd6 22. Qf5 e5 23. Nh5 Bh8 24. Qh7 O-O-O 25. Ng3 e4 26. Qf5+ Kb7 27. a4 b4 28. Rhc1 c5 29. Qxf7+ Kb8 30. cxb4 cxd4 31. exd4 Bxd4 32. Nf5 Qf4 33. Rf1 Rxg2 34. Kd1 Qf3+ 35. Ke1 Bc3# 0-1

[Event "January 9 Early 2024"]
[Site "https://www.chess.com"]
[Date "2024.01.11"]
[Round "4"]
[White "Ozates, Tuna"]
[Black "Saha, Ananda"]
[Result "1-0"]
[Board "193"]
[TimeControl "180+1"]
[WhiteFideId "6354521"]
[BlackFideId "2619644"]
[WhiteElo "2671"]
[BlackElo "2475"]
[WhiteTeam "TUR"]
[BlackTeam "CAN"]
[WhiteClock "0:00:28"]
[BlackClock "0:00:04"]

1. e4 e6 2. d4 d5 3. Nd2 Nf6 4. e5 Nfd7 5. f4 c5 6. c3 Nc6 7. Ndf3 a5 8. Bd3 a4 9. a3 cxd4 10. cxd4 Nb6 11. Ne2 Na5 12. O-O Bd7 13. f5 exf5 14. Bg5 Be7 15. Bxe7 Qxe7 16. Nf4 Nb3 17. Rb1 O-O 18. Qe1 Rac8 19. Qg3 Kh8 20. Nh5 Rg8 21. Rbe1 Be6 22. Kh1 Nd7 23. Ng5 h6 24. Nf3 g6 25. Qf4 Kh7 26. Ng3 Nf8 27. Nh4 g5 28. Nhxf5 gxf4 29. Nxe7+ Kh8 30. Rxf4 Rg4 31. Rxg4 Bxg4 32. Nxc8 Bxc8 33. Rf1 Be6 34. Ne2 Kg7 35. h3 Nd7 36. g4 Nb8 37. Bc2 Nc6 38. Bxb3 axb3 39. Rf3 Na5 40. Nc1 Nc4 41. Rxb3 Nd2 42. Rxb7 Nf3 43. Ne2 Kg6 44. a4 h5 45. gxh5+ Kxh5 46. Nf4+ Kg5 47. Nxe6+ fxe6 48. a5 Nxd4 49. a6 1-0

[Event "January 9 Early 2024"]
[Site "https://www.chess.com"]
[Date "2024.01.11"]
[Round "4"]
[White "Kadric, Denis"]
[Black "Makarian, Rudik"]
[Result "0-1"]
[Board "194"]
[TimeControl "180+1"]
[WhiteFideId "14403803"]
[BlackFideId "44105681"]
[WhiteElo "2905"]
[BlackElo "3093"]
[WhiteTeam "MNE"]
[BlackTeam "FID"]
[WhiteClock "0:00:03"]
[BlackClock "0:00:06"]

1. e4 c5 2. Nc3 Nc6 3. Nge2 d6 4. d4 cxd4 5. Nxd4 Nf6 6. Bc4 e6 7. Be3 Bd7 8. Bb3 Na5 9. f4 h5 10. h3 Qb8 11. Qf3 Be7 12. O-O-O Nxb3+ 13. axb3 h4 14. Rhe1 O-O 15. Bf2 Nh7 16. Qh5 a5 17. Bxh4 Bxh4 18. Qxh4 a4 19. bxa4 Bxa4 20. f5 e5 21. Nf3 Bc6 22. Ng5 Nf6 23. Rd3 Ra1+ 24. Kd2 Rxe1 25. Kxe1 Qa7 26. Rg3 Qg1+ 27. Ke2 Qc1 28. Nf3 Qf4 29. Kd3 d5 30. exd5 Qxf5+ 31. Kc4 Bxd5+ 32. Nxd5 Rc8+ 33. Kb4 Nxd5+ 34. Ka3 Qxc2 35. Nxe5 Ra8+ 0-1

[Event "January 9 Early 2024"]
[Site "https://www.chess.com"]
[Date "2024.01.11"]
[Round "4"]
[White "Souleidis, Georgios"]
[Black "Liu, Casper"]
[Result "0-1"]
[Board "195"]
[TimeControl "180+1"]
[WhiteFideId "4206827"]
[BlackFideId "1454153"]
[WhiteElo "2634"]
[BlackElo "2485"]
[WhiteTeam "GRE"]
[BlackTeam "DEN"]
[WhiteClock "0:00:09"]
[BlackClock "0:00:02"]

1. e4 g6 2. d4 Bg7 3. Nc3 d6 4. Nf3 Nf6 5. Be2 O-O 6. O-O Bg4 7. h3 Bxf3 8. Bxf3 Nc6 9. Ne2 Re8 10. Be3 e6 11. c3 h6 12. Qd2 g5 13. Rad1 d5 14. e5 Nd7 15. Ng3 f5 16. exf6 Qxf6 17. Nh5 Qg6 18. Nxg7 Kxg7 19. Qe2 Nf6 20. Qb5 Rab8 21. Rfe1 Ne7 22. Bc1 Nf5 23. Qa5 c6 24. Qxa7 Nh4 25. Be2 g4 26. Bd3 Ne4 27. Bxe4 dxe4 28. Bf4 gxh3 29. g3 Nf3+ 30. Kh1 Nxe1 31. Rxe1 Qg4 32. Kh2 Qf3 33. Kxh3 Rbd8 34. Qxb7+ Kg6 35. Qxc6 Rd5 36. Qxe8+ Kf6 37. Qf8+ Kg6 38. Qxh6+ Kf7 39. Qh7+ Ke8 40. Qxe4 Rh5# 0-1

[Event "January 9 Early 2024"]
[Site "https://www.chess.com"]
[Date "2024.01.11"]
[Round "4"]
[White "Terziev, Dimo"]
[Black "Sahin, Sarp"]
[Result "0-1"]
[Board "196"]
[TimeControl "180+1"]
[WhiteFideId "2925397"]
[BlackFideId "51605066"]
[WhiteElo "2162"]
[BlackElo "2445"]
[WhiteTeam "BUL"]
[BlackTeam "TUR"]
[WhiteClock "0:00:42"]
[BlackClock "0:00:06"]

1. e4 c5 2. Nf3 e6 3. d4 cxd4 4. Qxd4 Nc6 5. Qe3 Nf6 6. c4 Be7 7. Nc3 d5 8. exd5 exd5 9. cxd5 Nxd5 10. Nxd5 Qxd5 11. Be2 O-O 12. O-O Bc5 13. Qc3 Rd8 14. Bc4 Qf5 15. Bg5 Re8 16. Rae1 Bd7 17. Bd3 Qd5 18. Rd1 Bb4 19. Bxh7+ Kxh7 20. Rxd5 Bxc3 21. Rxd7 Bxb2 22. Rxb7 Rab8 23. Rxf7 Nd4 24. Rxa7 Rb5 25. Nxd4 Bxd4 26. Bh4 Bxa7 27. Bg3 Ra5 28. h3 Rxa2 29. Rb1 Rf8 30. Rb4 Bxf2+ 31. Bxf2 Rfxf2 32. Rh4+ Kg8 33. Rg4 Rfb2 34. Kh2 Kf7 35. Kg1 Rb1+ 36. Kh2 Rb6 37. Rf4+ Rf6 38. Rb4 Raa6 39. Rb7+ Kg8 40. Rb8+ Rf8 41. Rb2 Raf6 42. Rc2 Kh7 43. Rb2 Rf2 44. Rb4 R8f6 45. Rh4+ Kg8 46. Kg1 Rc2 47. Rb4 Rg6 48. Rb8+ Kh7 49. g4 Rc1+ 50. Kg2 Rgc6 51. Rb5 R6c3 52. Rh5+ Kg8 53. Rh4 R1c2+ 54. Kg1 Rd3 0-1

[Event "January 9 Early 2024"]
[Site "https://www.chess.com"]
[Date "2024.01.11"]
[Round "4"]
[White "Bashirli, Saadat"]
[Black "Hartikainen, Jarmo"]
[Result "1-0"]
[Board "197"]
[TimeControl "180+1"]
[WhiteFideId "13429990"]
[BlackFideId "503134"]
[WhiteElo "2408"]
[BlackElo "2163"]
[WhiteTeam "AZE"]
[BlackTeam "FIN"]
[WhiteClock "0:00:03"]
[BlackClock "0:00:01"]

1. e4 c5 2. Nf3 Nc6 3. Bb5 e6 4. Bxc6 bxc6 5. c4 Ne7 6. O-O Ng6 7. d4 cxd4 8. Nxd4 Be7 9. Nc3 O-O 10. f4 Bc5 11. Kh1 d5 12. Nxc6 Qh4 13. cxd5 exd5 14. Nxd5 Ba6 15. Rf3 Rac8 16. Na5 Rfd8 17. Bd2 f5 18. Be1 Qg4 19. Qb3 Kh8 20. exf5 Ne7 21. Nxe7 Bxe7 22. Bg3 Qxf5 23. Re3 Bf6 24. Nb7 Re8 25. Rae1 Rxe3 26. Qxe3 Qd7 27. Nd6 Rd8 28. Ne4 Bxb2 29. Qf3 Bb7 30. Rf1 Re8 31. Re1 Qd4 32. Qe2 Rxe4 33. Qc2 Rxe1+ 34. Bxe1 1-0

[Event "January 9 Early 2024"]
[Site "https://www.chess.com"]
[Date "2024.01.11"]
[Round "4"]
[White "Wadsworth, Matthew J"]
[Black "Sahil, Tickoo"]
[Result "1-0"]
[Board "198"]
[TimeControl "180+1"]
[WhiteFideId "415804"]
[BlackFideId "5019710"]
[WhiteElo "2634"]
[BlackElo "2410"]
[WhiteTeam "ENG"]
[BlackTeam "IND"]
[WhiteClock "0:00:39"]
[BlackClock "0:00:03"]

1. e4 c5 2. Nf3 d6 3. Bb5+ Bd7 4. Bxd7+ Nxd7 5. O-O Ngf6 6. Re1 Rc8 7. c3 e6 8. Na3 Be7 9. Nc4 O-O 10. a4 Re8 11. d3 d5 12. exd5 exd5 13. Ne3 Bf8 14. d4 c4 15. Nf5 Ne4 16. Bf4 Rc6 17. Ng3 Rce6 18. Nxe4 Rxe4 19. Qd2 Rxe1+ 20. Rxe1 Rxe1+ 21. Qxe1 Nf6 22. Bg5 Be7 23. Qe5 h6 24. Bxf6 Bxf6 25. Qf5 a6 26. g3 b5 27. axb5 axb5 28. h4 g6 29. Qf4 Kg7 30. Ne5 Bxe5 31. Qxe5+ Kg8 32. h5 g5 33. Qf5 Kg7 34. Kf1 Qa8 35. Qe5+ Kg8 36. Qd6 Qa1+ 37. Kg2 Qxb2 38. Qxh6 Qd2 39. Qf6 Qd3 40. Qxg5+ Kh7 41. Qxd5 b4 42. Qxf7+ Kh8 43. h6 Qe4+ 44. Kh2 Qh7 45. Qf8+ Qg8 46. Qxb4 1-0

[Event "January 9 Early 2024"]
[Site "https://www.chess.com"]
[Date "2024.01.11"]
[Round "4"]
[White "Tqebuchava, Zurab"]
[Black "Copeland, Samuel"]
[Result "0-1"]
[Board "199"]
[TimeControl "180+1"]
[WhiteFideId "13601113"]
[BlackFideId "2007347"]
[WhiteElo "2124"]
[BlackElo "2310"]
[WhiteTeam "GEO"]
[BlackTeam "USA"]
[WhiteClock "0:00:03"]
[BlackClock "0:00:06"]

1. e4 c6 2. d4 d5 3. exd5 cxd5 4. Bd3 Nc6 5. c3 Qc7 6. h3 Nf6 7. Nf3 e6 8. O-O Bd6 9. Qe2 Bd7 10. Re1 O-O-O 11. a4 h6 12. Na3 a6 13. b4 Ne7 14. b5 a5 15. c4 Bb4 16. Bd2 dxc4 17. Nxc4 Ned5 18. Bxb4 axb4 19. Rec1 Nc3 20. Qb2 Nfd5 21. b6 Qf4 22. a5 Bb5 23. Nfe5 Qxd4 24. Bf1 Kb8 25. Nxf7 Bxc4 26. Nxh8 Bxf1 27. Rxf1 Rxh8 28. a6 Qxb6 29. a7+ Ka8 30. Qd2 Nf4 31. Qd7 Qc6 32. Qxg7 Qe8 33. Rfe1 Rg8 34. Qd4 Rxg2+ 35. Kh1 Rg8 36. Qxf4 Qc6+ 37. f3 Nd5 38. Qe4 Qd6 39. Qxe6 Qg3 40. Qe7 Qg2# 0-1

[Event "January 9 Early 2024"]
[Site "https://www.chess.com"]
[Date "2024.01.11"]
[Round "4"]
[White "Gokerkan, Cem Kaan"]
[Black "Mazurkiewicz, Michal"]
[Result "0-1"]
[Board "200"]
[TimeControl "180+1"]
[WhiteFideId "6336760"]
[BlackFideId "1124943"]
[WhiteElo "2807"]
[BlackElo "2444"]
[WhiteTeam "TUR"]
[BlackTeam "POL"]
[WhiteClock "0:00:03"]
[BlackClock "0:00:04"]

1. e4 d6 2. d4 Nf6 3. Nc3 c6 4. f4 Qb6 5. Nf3 Bg4 6. Be2 e6 7. O-O d5 8. e5 Nfd7 9. h3 Bxf3 10. Bxf3 c5 11. Ne2 Nc6 12. c3 g6 13. Kh1 Rc8 14. c4 dxc4 15. d5 Nd4 16. dxe6 fxe6 17. Nc3 Be7 18. Qa4 Qb4 19. Qd1 O-O 20. Bg4 Rcd8 21. Rf2 Qb6 22. Be3 Nf5 23. Qf3 Bh4 24. Bxf5 Bxf2 25. Bxe6+ Qxe6 26. Bxf2 Nxe5 27. Qe3 Qf5 28. Bg1 Qxf4 29. Qxc5 Nd3 30. Qb5 Nf2+ 31. Bxf2 Qxf2 32. Qxb7 Rd2 33. Rg1 Qf7 34. Ne4 Qxb7 0-1

[Event "January 9 Early 2024"]
[Site "https://www.chess.com"]
[Date "2024.01.11"]
[Round "4"]
[White "Baruch, Liam"]
[Black "Kostiukov, Alexandr"]
[Result "0-1"]
[Board "201"]
[TimeControl "180+1"]
[WhiteFideId "14322064"]
[BlackFideId "14108100"]
[WhiteElo "2088"]
[BlackElo "2302"]
[WhiteTeam "RSA"]
[BlackTeam "UKR"]
[WhiteClock "0:00:32"]
[BlackClock "0:00:05"]

1. e4 c5 2. Nf3 g6 3. d4 cxd4 4. Nxd4 Bg7 5. Nc3 Nc6 6. Nb3 Nf6 7. Be2 O-O 8. O-O a5 9. Re1 a4 10. Nc5 a3 11. Nd3 axb2 12. Bxb2 Nxe4 13. Nxe4 d5 14. Bxg7 dxe4 15. Bxf8 exd3 16. Bxd3 Qxf8 17. Qe2 e5 18. Be4 Nd4 19. Qd2 Qa3 20. c3 Ne6 21. Bd5 Ra5 22. Bb3 Kg7 23. Re3 Nc5 24. Bd5 f6 25. Rd1 Bd7 26. Bc4 Bf5 27. Qd8 Ne4 28. Qc7+ Kh6 29. Bd3 Rc5 30. Qd8 Rxc3 31. Qf8+ Kg5 32. h4+ Kh5 33. Be2+ Bg4 34. Bxg4+ Kxg4 35. Rxe4+ Kf5 36. Ree1 Qxf8 37. g4+ Ke6 38. Rb1 Rc7 39. Rb6+ Kf7 40. Reb1 Qe7 41. a4 f5 42. g5 h6 43. a5 hxg5 44. a6 bxa6 45. Rxa6 gxh4 46. Rbb6 Qg5+ 47. Kf1 Rc1+ 48. Ke2 Rc2+ 49. Kd3 Qd2# 0-1

[Event "January 9 Early 2024"]
[Site "https://www.chess.com"]
[Date "2024.01.11"]
[Round "4"]
[White "Avramidou, Anastasia"]
[Black "Marchesich, Giovanni"]
[Result "1-0"]
[Board "202"]
[TimeControl "180+1"]
[WhiteFideId "4239873"]
[BlackFideId "2824790"]
[WhiteElo "2531"]
[BlackElo "2372"]
[WhiteTeam "GRE"]
[BlackTeam "ITA"]
[WhiteClock "0:00:05"]
[BlackClock "0:00:02"]

1. c4 b6 2. Nc3 Bb7 3. e4 e5 4. Nf3 Nc6 5. g3 f5 6. exf5 Nf6 7. Bg2 Bc5 8. O-O d6 9. a3 a5 10. Ng5 Qe7 11. Qa4 Kd7 12. Nd5 Qe8 13. Ne6 Qh5 14. Nxf6+ gxf6 15. Be4 Qg4 16. d3 h5 17. Qd1 Qg8 18. Be3 h4 19. g4 h3 20. Kh1 Rb8 21. Rg1 Bd4 22. Rb1 Nd8 23. Nxd8 Kxd8 24. b3 d5 25. cxd5 Bxd5 26. Qf3 Bxe4 27. dxe4 c5 28. Rgd1 Ke7 29. b4 axb4 30. axb4 Qa2 31. Bxd4 cxd4 32. Ra1 Qc4 33. Ra7+ Kf8 34. Rda1 Rc8 35. Re1 Qc2 36. Raa1 Qc4 37. b5 Rh7 38. Qa3+ Kg8 39. Rac1 1-0

[Event "January 9 Early 2024"]
[Site "https://www.chess.com"]
[Date "2024.01.11"]
[Round "4"]
[White "Aashman Gupta"]
[Black "Hon, Eric"]
[Result "1/2-1/2"]
[Board "203"]
[TimeControl "180+1"]
[WhiteFideId "45022500"]
[BlackFideId "2097117"]
[WhiteElo "2478"]
[BlackElo "2282"]
[WhiteTeam "IND"]
[BlackTeam "USA"]
[WhiteClock "0:00:06"]
[BlackClock "0:00:17"]

1. b3 Nf6 2. Bb2 g6 3. Nf3 d6 4. Bxf6 exf6 5. d4 Bg7 6. e3 O-O 7. Be2 f5 8. O-O b6 9. a4 a5 10. Na3 Ba6 11. Bxa6 Nxa6 12. Nb5 c6 13. Nc3 d5 14. Ne2 Qd6 15. Nc1 Nc7 16. Nd3 Ne6 17. Qd2 Rfe8 18. c3 h6 19. Rac1 Ng5 20. Nxg5 hxg5 21. c4 dxc4 22. Rxc4 Rac8 23. Rfc1 Red8 24. Qc2 c5 25. Ne1 g4 26. dxc5 Rxc5 27. Rxc5 Qxc5 28. Qxc5 bxc5 29. Rxc5 Rd1 30. Kf1 Rb1 31. Ke2 Kh7 32. Nd3 Rxb3 33. Rxa5 Ra3 34. Ra7 Ra2+ 35. Kd1 Kg8 36. Ra8+ Kh7 37. Ra7 Kg8 38. Ke1 Bc3+ 39. Kf1 Ra1+ 40. Ke2 Ra2+ 41. Kf1 Ra1+ 42. Ke2 Ra2+ 43. Kf1 1/2-1/2

[Event "January 9 Early 2024"]
[Site "https://www.chess.com"]
[Date "2024.01.11"]
[Round "4"]
[White "Mesquita, Eduardo Barbosa"]
[Black "Olcayoz, Gizem"]
[Result "1-0"]
[Board "204"]
[TimeControl "180+1"]
[WhiteFideId "22757163"]
[BlackFideId "6301444"]
[WhiteElo "2433"]
[BlackElo "2001"]
[WhiteTeam "BRA"]
[BlackTeam "TUR"]
[WhiteClock "0:00:04"]
[BlackClock "0:00:02"]

1. e4 e6 2. d4 d5 3. e5 c5 4. c3 Nc6 5. Nf3 Bd7 6. Bd3 Rc8 7. dxc5 Bxc5 8. b4 Bb6 9. O-O Nge7 10. a4 Ng6 11. a5 Bc7 12. Bxg6 hxg6 13. Re1 f6 14. Qd3 Kf7 15. Bf4 g5 16. Bg3 g4 17. Nh4 f5 18. Nxf5 exf5 19. Nd2 Be6 20. Nb3 b6 21. axb6 axb6 22. b5 Na5 23. Nd4 Qe7 24. f4 g5 25. Nxf5 Bxf5 26. Qxf5+ Kg7 27. fxg5 Rcf8 28. Qxg4 Nc4 29. Qd4 Qe6 30. Ra7 Rf7 31. g6 Kxg6 32. h3 Rhf8 33. Kh2 Kg7 34. Qh4 Qg6 35. Rxc7 Rxc7 36. e6 1-0

[Event "January 9 Early 2024"]
[Site "https://www.chess.com"]
[Date "2024.01.11"]
[Round "4"]
[White "Isajevsky, Anton"]
[Black "Zheenbekov, Nurgazy"]
[Result "1-0"]
[Board "205"]
[TimeControl "180+1"]
[WhiteFideId "4142500"]
[BlackFideId "13800485"]
[WhiteElo "2633"]
[BlackElo "2450"]
[WhiteTeam "RUS"]
[BlackTeam "KGZ"]
[WhiteClock "0:00:12"]
[BlackClock "0:00:15"]

1. c4 c6 2. Nf3 d5 3. e3 Nf6 4. Nc3 e6 5. Qc2 Be7 6. g4 a6 7. g5 Nfd7 8. h4 b5 9. b3 b4 10. Ne2 c5 11. Bb2 f6 12. Nf4 Nf8 13. Nh5 Kf7 14. Rg1 Nbd7 15. Nxg7 Rg8 16. Nh5 f5 17. cxd5 Nb6 18. dxe6+ Bxe6 19. Nf6 Bxf6 20. Bxf6 Qc7 21. Bh3 Nfd7 22. Bb2 Raf8 23. Bxf5 Bxf5 24. Qxf5+ Ke8 25. Qxh7 Kd8 26. Qe4 Kc8 27. Ne5 Re8 28. f4 Nxe5 29. Bxe5 Qd7 30. Rc1 c4 31. bxc4 Rd8 32. d4 Qa4 33. Rg2 Rge8 34. Rgc2 Re6 35. f5 Qa5 36. Ke2 1-0

[Event "January 9 Early 2024"]
[Site "https://www.chess.com"]
[Date "2024.01.11"]
[Round "4"]
[White "Buscar, Michael"]
[Black "Bournel, Antoine"]
[Result "1-0"]
[Board "206"]
[TimeControl "180+1"]
[WhiteFideId "2603616"]
[BlackFideId "26093553"]
[WhiteElo "2418"]
[BlackElo "2556"]
[WhiteTeam "CAN"]
[BlackTeam "FRA"]
[WhiteClock "0:00:17"]
[BlackClock "0:00:01"]

1. d4 g6 2. Nf3 Bg7 3. g3 b6 4. Bg2 Bb7 5. O-O d6 6. a4 c5 7. c3 Nf6 8. a5 O-O 9. axb6 axb6 10. Rxa8 Bxa8 11. Na3 Qd7 12. Qb3 Qa7 13. Nb5 Qa5 14. Nc7 Be4 15. Nd2 Bxg2 16. Kxg2 Nbd7 17. Nc4 Qa7 18. Nb5 Qa6 19. Bg5 Rc8 20. e3 Bf8 21. Bxf6 Nxf6 22. Nba3 Rb8 23. Ra1 b5 24. Nd2 e6 25. Nc2 Qc6+ 26. Kg1 h5 27. h4 Ng4 28. Ne1 Bh6 29. Qd1 b4 30. Qf3 Qxf3 31. Ndxf3 bxc3 32. bxc3 d5 33. dxc5 Bf8 34. Nd3 Rb3 35. Rc1 Nf6 36. Nd4 Rb8 37. c6 Ne4 38. Ne5 Nd6 39. Nd7 Rc8 40. Rb1 Nc4 41. Rb8 Rxb8 42. Nxb8 Bd6 43. Nd7 Na5 44. Nb5 Bb8 45. c7 Bxc7 46. Nxc7 1-0

[Event "January 9 Early 2024"]
[Site "https://www.chess.com"]
[Date "2024.01.11"]
[Round "4"]
[White "Aadit Bhatia"]
[Black "Tasev, Dejan"]
[Result "1-0"]
[Board "207"]
[TimeControl "180+1"]
[WhiteFideId "25088955"]
[BlackFideId "936618"]
[WhiteElo "2434"]
[BlackElo "2655"]
[WhiteTeam "IND"]
[BlackTeam "SRB"]
[WhiteClock "0:00:08"]
[BlackClock "0:00:46"]

1. e4 c5 2. Nf3 Nc6 3. d4 cxd4 4. Nxd4 g6 5. c4 Bg7 6. Be3 d6 7. Nc3 Nf6 8. f3 O-O 9. Be2 Bd7 10. O-O a6 11. Rc1 Rc8 12. b3 Nxd4 13. Bxd4 Bc6 14. Qd2 Nd7 15. Be3 f5 16. exf5 Rxf5 17. Bd3 Rf7 18. Be4 Nf6 19. Bb1 Qa5 20. Rfe1 Qh5 21. Bd4 Bh6 22. Be3 Bg7 23. Bd4 e5 24. Be3 Rd8 25. Rcd1 b5 26. cxb5 axb5 27. Ne4 Nxe4 28. Bxe4 d5 29. Qa5 Rdd7 30. Bxd5 Bxd5 31. Rxd5 Rxd5 32. Qa8+ Bf8 33. Qxd5 b4 34. Bc5 Bxc5+ 35. Qxc5 Qh4 36. Rxe5 h5 37. Re8+ Kh7 38. Qe5 Rg7 39. g3 Qh3 40. Rd8 h4 41. Qe8 Kh6 42. Qh8+ Rh7 43. Qf8+ Rg7 44. Qf4+ Kh7 45. g4 Re7 46. Rd1 Kg7 47. Qd4+ Kh7 48. Qf6 Rg7 49. Rd8 g5 50. Rf8 1-0